 Dungeon Crawl Stone Soup version 0.29-a0-1019-g84f7d21838 (webtiles) character file.

Game seed: 131183133235806765

186 siradein the Trooper (level 5, -14/47 HPs)
             Began as a Ghoul Fighter on Aug 11, 2022.
             Engulfed by a cloud of flame (15 damage)
             ... on level 4 of the Dungeon.
             The game lasted 00:08:48 (2554 turns).

siradein the Trooper (Ghoul Fighter)                Turns: 2554, Time: 00:08:49

Health: -14/47     AC:  6    Str: 22    XL:     5   Next: 65%
Magic:  4/4        EV: 13    Int:  3    God:
Gold:   175        SH:  6    Dex:  8    Spells: 4/4 levels left

rFire   . . .      SeeInvis +   a - +0 trident
rCold   + + +      Faith    .   p - +2 buckler "Qehogose" {rC++}
rNeg    + + +      Spirit   .   b - +0 scale mail
rPois   ∞          Reflect  .   (no helmet)
rElec   .          Harm     .   (no cloak)
rCorr   .          Rampage  .   (no gloves)
Will    .....                   (no boots)
Stlth   ..........              (no amulet)
HPRegen 0.15/turn               n - +4 ring of evasion
MPRegen 0.09/turn               c - ring of see invisible

@: no status effects
A: claws 1, cold resistance 1, negative energy resistance 3, inhibited
regeneration, torment resistance 2, devour on kill
a: no special abilities


You were on level 4 of the Dungeon.
You visited 1 branch of the dungeon, and saw 4 of its levels.

You collected 175 gold pieces.

Inventory:

Hand Weapons
 a - a +0 trident (weapon)
Armour
 b - a +0 scale mail (worn)
 p - the +2 buckler "Qehogose" (worn) {rC++}
   (You found it on level 3 of the Dungeon)

   rC:        It greatly protects you from cold.
Jewellery
 c - a ring of see invisible (right claw)
 n - a +4 ring of evasion (left claw)
Wands
 q - a wand of flame (15)
Scrolls
 h - a scroll of magic mapping {unknown}
 j - 2 scrolls of torment {unknown}
 k - a scroll of amnesia
 m - a scroll of blinking {unknown}
Potions
 d - 2 potions of might
 f - 3 potions of heal wounds {unknown}
 g - 2 potions of attraction {unknown}
 i - a potion of degeneration {unknown}
 l - a potion of brilliance {unknown}
 o - a potion of mutation {unknown}
 r - a potion of resistance {unknown}


   Skills:
 + Level 4.4 Fighting
 + Level 2.9 Polearms
 + Level 3.6 Armour
 + Level 3.6 Shields


You had 4 spell levels left.
You didn't know any spells.
Your spell library contained the following spells:

 Spells                   Type           Power      Damage    Failure   Level
 Freeze                   Ice            0%         1d3       91%         1
 Frozen Ramparts          Ice            0%         1d1       99%         3
 Corpse Rot               Necr/Pois/Air  0%         N/A       100%        4
 Dispel Undead            Necr           0%         3d6       100%        4
 Hailstorm                Conj/Ice       0%         3d3       100%        4
 Death Channel            Necr           0%         N/A       100%        6


Dungeon Overview and Level Annotations

Branches:
Dungeon (4/15)
 Temple: D:4-7

Altars:

Shops:
D:4 =


Innate Abilities, Weirdness & Mutations

You are immune to poison.
You have sharp fingernails.
Your flesh is cold resistant. (rC+)
You are immune to negative energy. (rN+++)
You do not regenerate when monsters are visible.
You are immune to unholy pain and torment.
You thrive by killing the living.


Message History

No target in view!
r - a silvery potion
Found Vitegg's Jewellery Boutique.
You now have 175 gold pieces (gained 9).
There is an entrance to Vitegg's Jewellery Boutique here.
Ijyb shouts!
Ijyb is nearby!
You hit Ijyb but do no damage. Ijyb barely misses you.
As you read the scroll of immolation, it crumbles to dust.
The creatures around you are filled with an inner flame!
Ijyb drinks a potion.
Ijyb goes berserk!
You closely miss Ijyb. Ijyb hits you but does no damage.
Ijyb barely misses you.
You barely miss Ijyb. Ijyb hits you with a +0 dagger. Ijyb misses you.
You hit Ijyb but do no damage. Ijyb hits you but does no damage.
You closely miss Ijyb. Ijyb misses you. Ijyb hits you with a +0 dagger.
You hit Ijyb but do no damage. Ijyb closely misses you.
You block Ijyb's attack.
You hit Ijyb.
Flame seeps out of Ijyb.
Ijyb is lightly wounded.
Ijyb is engulfed in blazing flames.
Flame seeps out of Ijyb.
You block Ijyb's attack.
Ijyb is engulfed in blazing flames.
Flame seeps out of Ijyb.
Ijyb hits you with a +0 dagger!
Ijyb is engulfed in blazing flames.
Flame seeps out of Ijyb.
You barely miss Ijyb.
Ijyb is almost dead.
Ijyb barely misses you. You block Ijyb's attack.
You closely miss Ijyb.
Ijyb is almost dead.
Ijyb hits you with a +0 dagger. Ijyb closely misses you.
You hit Ijyb but do no damage.
Ijyb is almost dead.
Ijyb hits you but does no damage.
You hit Ijyb.
Ijyb explodes!
The fiery explosion engulfs you!!
Ouch! That really hurt!
* * * LOW HITPOINT WARNING * * *
You are engulfed in blazing flames.
You die...

....<.....### ###.#....#
............. ...#.##.#
..........##.. #.... #..
......##.$.(.. #..## ##.
....... ##...# ##... ##
###..#.. #....##
#....##### ##.##. #..§#
##.##....## #.. .. #§##
#... #...#. #§@# ##..#
##....
##.###..#######...)
...#.∩...............
............#####.......
.......#....#####.......
...##..#................
.? .....................
.#####................ .
....#....#.........


There were no monsters in sight!

Vanquished Creatures
  2 jellies (D:3)
  Ijyb (D:4)
  4 adders
  A white imp (D:3)
  A worm (D:2)
  2 dart slugs (D:1)
  An orc (D:3)
  3 bats
  8 endoplasms
  2 giant cockroaches
  13 goblins
  9 hobgoblins
  5 kobolds
  2 quokkas (D:2)
  12 ball pythons
  2 frilled lizards
  5 rats
73 creatures vanquished.

Notes
Turn   | Place    | Note
-------+----------+-------------------------------------------
     0 | D:1      | siradein the Ghoul Fighter began the quest for the Orb.
     0 | D:1      | Reached XP level 1. HP: 19/19 MP: 0/0
    77 | D:1      | Reached XP level 2. HP: 26/26 MP: 1/1
   324 | D:1      | Noticed a floating eye
   328 | D:1      | Found a faded altar of an unknown god.
   330 | D:1      | Noticed a floating eye
   336 | D:1      | Noticed a shining eye
   344 | D:1      | Noticed a shining eye
   766 | D:2      | Reached XP level 3. HP: 33/33 MP: 2/2
   923 | D:2      | Reached XP level 4. HP: 26/40 MP: 3/3
  1486 | D:3      | Reached skill level 4 in Fighting
  1496 | D:3      | Identified the +2 buckler "Qehogose" {rC++}
  1715 | D:3      | Reached XP level 5. HP: 32/46 MP: 4/4
  2458 | D:4      | Noticed Ijyb
  2529 | D:4      | Found Vitegg's Jewellery Boutique.
  2554 | D:4      | Killed Ijyb
  2554 | D:4      | HP: 1/47 [spore (32)]
  2554 | D:4      | Engulfed by a cloud of flame

Illustrated notes

Levels and vault maps discovered:
D:1:      dpeg_arrival_ternary, layout_loops_cross,
          hellmonk_ecumenical_altar_watching_god, minivault_23
D:2:      layout_rooms
D:3:      kennysheep_the_goblin_king, layout_loops_corners, minmay_between
D:4:      layout_rooms, serial_shops, shop, minmay_joined_circles, uniq_robin,
          uniq_ijyb

Skill      XL: |  1  2  3  4 |
---------------+-------------+-----
Polearms       | 2 |  2.9
Armour         | 3 |  3.6
Shields        | 3 |  3.6
Fighting       | 4 |  4.4

Action                   |  1- 3 |  4- 6 || total
-------------------------+-------+-------++-------
Melee: Trident           |    87 |   137 ||   224
  Use: Scroll            |       |     4 ||     4
Armor: Scale mail        |    29 |    29 ||    58
Dodge: Dodged            |    26 |    67 ||    93
Block: Buckler           |     5 |    28 ||    33

Table legend: (Time is in decaauts)
 A = Elapsed time spent in this place.
 B = Non-inter-level travel time spent in this place.
 C = Inter-level travel time spent in this place.
 D = Time resting spent in this place.
 E = Time spent auto-exploring this place.
 F = Levels seen in this place.
 G = Mean time per level.
                   A        B        C        D        E       F      G
               +--------+--------+--------+--------+--------+-----+--------+
         Total |   2602 |   2504 |     98 |      0 |   2004 |   4 |  650.5 |
       Dungeon |   2602 |   2504 |     98 |      0 |   2004 |   4 |  650.5 |
               +--------+--------+--------+--------+--------+-----+--------+

Top non-repeatable levels by time:
     D:3: 1152 daAuts
     D:1: 771 daAuts
     D:2: 602 daAuts
     D:4: 75 daAuts
